 Dungeon Crawl Stone Soup version 0.31-a0-217-g58bb5d79cf (webtiles) character file.

Game seed: 10999745406175431589

1197 qw the Chopper (level 8, -3/49 HPs)
             Began as a Gargoyle Fighter on July 2, 2023.
             Was an Initiate of Okawaru.
             Killed from afar by an acid dragon (17 damage)
             ... with a splash of acid
             ... on level 6 of the Dungeon.
             The game lasted 00:02:32 (5243 turns).

qw the Chopper (Gargoyle Fighter)                   Turns: 5243, Time: 00:02:32

Health: -3/49      AC: 14    Str: 23    XL:     8   Next: 44%
Magic:  10/10      EV: 11    Int:  8    God:    Okawaru [......]
Gold:   296        SH:  4    Dex: 12    Spells: 7/7 levels left

rFire   . . .        t - +0 broad axe
rCold   . . .        c - +0 buckler
rNeg    + . .        j - +0 plate armour
rPois   inf          m - +0 helmet
rElec   +            q - +0 cloak
rCorr   .            (no gloves)
SInv    .            i - +1 pair of boots of the Carpenter {Dex+3}
Will    .....        (no amulet) Stlth
                     h - +5 ring of evasion
HPRegen 0.28/turn    (no ring)
MPRegen 0.12/turn

%: no passive effects
@: corroded
A: sickness immunity, AC +5, negative energy resistance 1, electricity
resistance, torment resistance 1, petrification resistance
a: Renounce Religion


You were on level 6 of the Dungeon.
You worshipped Okawaru.
Okawaru was noncommittal.
You visited 2 branches of the dungeon, and saw 7 of its levels.

You collected 296 gold pieces.


Innate Abilities, Weirdness & Mutations

You are immune to sickness and miasma.
Your stone body is resilient. (AC +5)
You are immune to poison.
You resist negative energy. (rN+)
You are resistant to electric shocks. (rElec)
You are resistant to unholy torment.
You are immune to petrification.


   Skills:
 - Level 5.0 Fighting
 - Level 7.1 Axes
 - Level 1.2 Throwing
 + Level 4.7 Armour
 - Level 1.0 Dodging
 - Level 3.2 Shields
 - Level 3.4 Invocations


You had 7 spell levels left.
You didn't know any spells.
Your spell library was empty.

Inventory:

Hand Weapons
 b - a +0 flail
 t - a +0 broad axe (weapon)
Missiles
 o - 2 boomerangs (quivered)
Armour
 c - a +0 buckler (worn)
 f - a +0 kite shield
 i - the +1 pair of boots of the Carpenter (worn) {Dex+3}
   (You acquired it on level 4 of the Dungeon)

   Dex:       It affects your dexterity (+3).
 j - a +0 plate armour (worn)
 m - a +0 helmet (worn)
 q - a +0 cloak (worn)
Jewellery
 e - an amulet of regeneration
 h - a +5 ring of evasion (left hand)
Scrolls
 a - a scroll of identify
 p - a scroll of teleportation
Potions
 d - 3 potions of might
 g - a potion of resistance
 k - a potion of mutation
 l - a potion of lignification {unknown}
 n - 3 potions of curing
 r - a potion of berserk rage {unknown}
 s - a potion of enlightenment {unknown}
 u - a potion of attraction {unknown}

Dungeon Overview and Level Annotations

Branches:
Dungeon (6/15)             Temple (1/1) D:4

Altars:
Ashenzari
Cheibriados
Dithmenos
Fedhas
Gozag
Hepliaklqana
Makhleb
Okawaru
Sif Muna
Trog
Uskayaw
Wu Jian
Xom
Zin
The Shining One

Annotations:
D:2 1 runed translucent door, Crazy Yiuf


Message History

You barely miss the acid dragon.
The acid dragon is lightly wounded.
The acid dragon barely misses you.
The acid dragon claws you but does no damage.
You closely miss the acid dragon.
The acid dragon is lightly wounded.
The acid dragon bites you!
The acid dragon claws you but does no damage.
You hit the acid dragon.
The acid dragon is moderately wounded.
The acid dragon spits acid at you. The splash of acid hits you.
The acid dragon barely misses you. The acid dragon misses you.
You slash the acid dragon!
The acid dragon is heavily wounded.
The acid dragon bites you but does no damage.
The acid dragon claws you but does no damage.
You barely miss the acid dragon.
The acid dragon is heavily wounded.
The acid dragon spits acid at you.
The splash of acid hits you but does no damage.
The acid corrodes you!
You completely miss the acid dragon.
The acid dragon is heavily wounded.
The acid dragon closely misses you.
The acid dragon claws you but does no damage.
You hit the acid dragon.
The acid dragon is heavily wounded.
The acid dragon bites you but does no damage.
The acid dragon closely misses you. x2
The acid dragon claws you but does no damage.
You closely miss the acid dragon.
The acid dragon is heavily wounded.
The acid dragon bites you.
The acid dragon claws you but does no damage.
You hit the acid dragon but do no damage.
The acid dragon is heavily wounded.
The acid dragon spits acid at you. The splash of acid hits you!
You die...

#............##.# ##..(..##....#
.. ###...D.##....# .
#.......#.....# +.......#.....#
#........ #.......#.....#
######........ ###...####+##.#
............#+####...####.##.####
............+...@D...............
............#....................
............#....................
............#......>.............
....<.......###########..########
..######.............##))# ..#
#.............#...# ..#
#.............#...# ..#
#.......(.....'...#


You could see an acid dragon (catching breath).

Vanquished Creatures
  An orc warrior (D:5)
  An ice beast (D:5)
  2 ogres (D:5)
  A gnoll sergeant (D:6)
  2 howler monkeys (D:5)
  2 jellies
  5 orc priests
  Natasha (D:2)
  Terence (D:2)
  2 orc wizards
  4 iguanas
  8 gnolls
  5 adders
  2 shadow imps (D:6)
  2 white imps
  An ufetubus (D:5)
  A worm (D:2)
  24 orcs
  3 bats
  7 endoplasms
  6 giant cockroaches
  13 goblins
  9 hobgoblins
  A jackal (D:4)
  6 kobolds
  3 quokkas
  3 ball pythons
  3 frilled lizards
  4 rats
123 creatures vanquished.

Notes
Turn   | Place    | Note
-------+----------+-------------------------------------------
     0 | D:1      | qw the Gargoyle Fighter began the quest for the Orb.
     0 | D:1      | Reached XP level 1. HP: 14/14 MP: 1/1
     0 | D:1      | 0 ||| qw: Version: 0.3-a-40-ge99b1a8
     0 | D:1      | 0 ||| qw: Game counter: 10
     0 | D:1      | 0 ||| qw: Melee chars always use a shield: true
     0 | D:1      | 0 ||| qw: God list: Okawaru
     0 | D:1      | 0 ||| qw: Allow faded altars: false
     0 | D:1      | 0 ||| qw: Do Orc after clearing Dungeon:15 true
     0 | D:1      | 0 ||| qw: Do second Lair branch before Depths: true
     0 | D:1      | 0 ||| qw: Lair rune preference: random
     0 | D:1      | 0 ||| qw: Goals: Normal, Zot:1-4, Slime:5, God:TSO, Crypt,
                  | Tomb, Abyss, Pan, Hells, Win
     0 | D:1      | 0 ||| PLANNING D:1-11
    72 | D:1      | Reached skill level 2 in Axes
   234 | D:1      | Reached XP level 2. HP: 19/19 MP: 2/2
   234 | D:1      | 234 ||| Stepping ~*~*~tactically~*~*~ (stealth).
   245 | D:1      | 245 ||| Stepping ~*~*~tactically~*~*~ (stealth).
   250 | D:1      | 250 ||| Stepping ~*~*~tactically~*~*~ (stealth).
   300 | D:1      | Found a blossoming altar of Fedhas.
   318 | D:1      | 318 ||| DROPPING +0 club.
   441 | D:1      | Reached skill level 3 in Axes
   560 | D:1      | Reached XP level 3. HP: 23/23 MP: 3/3
   655 | D:1      | 655 ||| UPGRADING to +0 chain mail.
   665 | D:1      | 665 ||| DROPPING +0 scale mail.
   666 | D:1      | 666 ||| UPGRADING to +5 ring of evasion.
   667 | D:1      | 667 ||| READING scroll labelled HET RAVUCLE.
   670 | D:1      | 670 ||| READING 2 scrolls labelled KAIGGE DETRAH.
   671 | D:1      | 671 ||| READING scroll labelled VUBYWIDAQU.
   714 | D:2      | Noticed Terence
   715 | D:2      | 715 ||| Stepping ~*~*~tactically~*~*~ (stealth).
   716 | D:2      | 716 ||| Stepping ~*~*~tactically~*~*~ (stealth).
   728 | D:2      | HP: 4/23 [Terence/+0 flail (7)]
   731 | D:2      | Killed Terence
   754 | D:2      | 754 ||| Stepping ~*~*~tactically~*~*~ (stealth).
   819 | D:2      | 819 ||| DROPPING +0 heavy mace.
   852 | D:2      | 852 ||| Stepping ~*~*~tactically~*~*~ (hiding).
   853 | D:2      | 853 ||| Stepping ~*~*~tactically~*~*~ (hiding).
   984 | D:2      | Reached XP level 4. HP: 28/28 MP: 4/4
  1292 | D:2      | Reached skill level 4 in Axes
  1464 | D:2      | HP: 6/28 [gnoll/+0 spear (4)]
  1471 | D:2      | HP: 4/28 [gnoll/+0 spear (3)]
  1613 | D:2      | Noticed Natasha
  1620 | D:2      | Killed Natasha
  1621 | D:2      | Reached XP level 5. HP: 24/32 MP: 5/5
  1674 | D:2      | Reached skill level 5 in Axes
  1717 | D:2      | Found a runed translucent door.
  1718 | D:2      | Noticed Crazy Yiuf
  1913 | D:2      | 1913 ||| UPGRADING to +0 pair of boots.
  1918 | D:2      | 1918 ||| READING scroll of enchant armour.
  1918 | D:2      | 1918 ||| ENCHANTING +0 pair of boots.
  1919 | D:2      | 1919 ||| READING scroll labelled NIGEIVV XEXT.
  1920 | D:2      | 1920 ||| READING scroll labelled DUHODGH UCWONEE.
  1921 | D:2      | 1921 ||| READING scroll labelled READUCYNID.
  2143 | D:3      | Found a faded altar of an unknown god.
  2333 | D:3      | 2333 ||| Stepping ~*~*~tactically~*~*~ (hiding).
  2335 | D:3      | 2335 ||| Stepping ~*~*~tactically~*~*~ (hiding).
  2427 | D:3      | 2427 ||| SWAPPING to +1 war axe of electrocution.
  2428 | D:3      | 2428 ||| DROPPING +0 war axe.
  2462 | D:3      | Found a broken altar of Ashenzari.
  2798 | D:3      | 2798 ||| UPGRADING to +0 cloak.
  2803 | D:3      | 2803 ||| READING scroll labelled SERRYREOMNE.
  2804 | D:3      | 2804 ||| READING 2 scrolls labelled RIGOAQ RINTI.
  2805 | D:3      | 2805 ||| READING scroll labelled OCKAFOU WIBB.
  2906 | D:3      | 2906 ||| READING scroll labelled FIADDO TAUTTE.
  2907 | D:3      | 2907 ||| DRINKING 2 fizzy dark potions.
  2908 | D:3      | 2908 ||| DRINKING 2 red potions.
  2909 | D:3      | 2909 ||| DROPPING scroll of noise.
  2958 | D:4      | Reached XP level 6. HP: 32/38 MP: 6/6
  3179 | D:4      | Found a staircase to the Ecumenical Temple.
  3180 | D:4      | 3180 ||| PLANNING TEMPLE
  3180 | D:4      | 3180 ||| UPGRADING to +0 helmet.
  3185 | D:4      | 3185 ||| READING 3 scrolls labelled KASAGH CAGEA.
  3186 | D:4      | 3186 ||| READING 2 scrolls of identify.
  3186 | D:4      | 3186 ||| IDENTIFYING viscous emerald potion
  3187 | D:4      | 3187 ||| DROPPING 2 scrolls of blinking.
  3188 | D:4      | 3188 ||| DROPPING potion of degeneration.
  3197 | Temple   | Entered the Ecumenical Temple
  3198 | Temple   | 3198 ||| PLANNING OKAWARU WORSHIP
  3288 | Temple   | Became a worshipper of Warmaster Okawaru
  3289 | Temple   | 3289 ||| PLANNING D:1-11
  3347 | D:4      | 3347 ||| Stepping ~*~*~tactically~*~*~ (stealth).
  3519 | D:4      | 3519 ||| FLEEEEING.
  3520 | D:4      | 3520 ||| FLEEEEING.
  3521 | D:4      | 3521 ||| FLEEEEING.
  3737 | D:4      | 3737 ||| DROPPING +6 ring of intelligence.
  3738 | D:4      | 3738 ||| READING scroll labelled GUDIHE DEIPPAC.
  3738 | D:4      | Identified a scroll of acquirement
  3738 | D:4      | 3738 ||| ACQUIRING +1 pair of boots of the Carpenter
                  | {Dex+3}
  3738 | D:4      | Acquired the +1 pair of boots of the Carpenter {Dex+3}
  3740 | D:4      | 3740 ||| UPGRADING to +1 pair of boots of the Carpenter
                  | {Dex+3}.
  3750 | D:4      | 3750 ||| DROPPING +1 pair of boots.
  3777 | D:5      | Entered Level 5 of the Dungeon
  3793 | D:5      | Reached skill level 1 in Dodging
  3957 | D:5      | 3957 ||| Stepping ~*~*~tactically~*~*~ (stealth).
  3958 | D:5      | 3958 ||| Stepping ~*~*~tactically~*~*~ (stealth).
  3967 | D:5      | Reached skill level 1 in Throwing
  4057 | D:5      | Reached skill level 6 in Axes
  4057 | D:5      | Reached XP level 7. HP: 40/43 MP: 7/7
  4098 | D:5      | 4098 ||| Stepping ~*~*~tactically~*~*~ (stealth).
  4100 | D:5      | 4100 ||| Stepping ~*~*~tactically~*~*~ (hiding).
  4111 | D:5      | Reached * piety under Okawaru
  4115 | D:5      | Found a glowing silver altar of Zin.
  4139 | D:5      | Reached skill level 1 in Invocations
  4153 | D:5      | 4153 ||| INVOKING Heroism.
  4386 | D:5      | 4386 ||| SWAPPING to +0 broad axe.
  4387 | D:5      | 4387 ||| DROPPING +1 war axe of electrocution.
  4433 | D:5      | Found a burning altar of Makhleb.
  4436 | D:5      | 4436 ||| INVOKING Heroism.
  4441 | D:5      | Reached skill level 7 in Axes
  4441 | D:5      | Reached skill level 3 in Invocations
  4441 | D:5      | Reached XP level 8. HP: 48/48 MP: 6/10
  4608 | D:5      | 4608 ||| DROPPING +1 pair of boots.
  4609 | D:5      | 4609 ||| UPGRADING to +0 plate armour.
  4619 | D:5      | 4619 ||| DROPPING +0 chain mail.
  4620 | D:5      | 4620 ||| READING 2 scrolls of identify.
  4620 | D:5      | 4620 ||| IDENTIFYING fizzy yellow potion
  4801 | D:6      | 4801 ||| INVOKING Heroism.
  4816 | D:6      | 4816 ||| INVOKING Heroism.
  4885 | D:6      | 4885 ||| Stepping ~*~*~tactically~*~*~ (hiding).
  4886 | D:6      | 4886 ||| Stepping ~*~*~tactically~*~*~ (hiding).
  5064 | D:6      | 5064 ||| Stepping ~*~*~tactically~*~*~ (stealth).
  5125 | D:6      | 5125 ||| DRINKING 4 potions of curing.
  5125 | D:6      | 5125 ||| (to cure confusion)
  5139 | D:6      | 5139 ||| FLEEEEING.
  5141 | D:6      | 5141 ||| Stepping ~*~*~tactically~*~*~ (hiding).
  5142 | D:6      | 5142 ||| Stepping ~*~*~tactically~*~*~ (hiding).
  5143 | D:6      | 5143 ||| Stepping ~*~*~tactically~*~*~ (hiding).
  5144 | D:6      | 5144 ||| INVOKING Heroism.
  5150 | D:6      | 5150 ||| Stepping ~*~*~tactically~*~*~ (stealth).
  5151 | D:6      | 5151 ||| Stepping ~*~*~tactically~*~*~ (stealth).
  5210 | D:6      | 5210 ||| FLEEEEING.
  5211 | D:6      | 5211 ||| FLEEEEING.
  5212 | D:6      | 5212 ||| FLEEEEING.
  5213 | D:6      | 5213 ||| FLEEEEING.
  5214 | D:6      | 5214 ||| FLEEEEING.
  5217 | D:6      | 5217 ||| FLEEEEING.
  5218 | D:6      | 5218 ||| FLEEEEING.
  5219 | D:6      | 5219 ||| FLEEEEING.
  5220 | D:6      | 5220 ||| FLEEEEING.
  5221 | D:6      | 5221 ||| FLEEEEING.
  5222 | D:6      | 5222 ||| FLEEEEING.
  5223 | D:6      | 5223 ||| FLEEEEING.
  5224 | D:6      | 5224 ||| FLEEEEING.
  5225 | D:6      | 5225 ||| FLEEEEING.
  5243 | D:6      | Killed from afar by an acid dragon

Levels and vault maps discovered:
D:1:      dpeg_arrival_round_a, layout_basic, minmay_hexomino_r4
D:2:      layout_basic, uniq_terence, uniq_natasha, uniq_crazy_yiuf_cottage
D:3:      layout_basic, nicolae_ashenzari_panopticon,
          chequers_ecumenical_altar_twisty
D:4:      layout_basic, temple_hall, minmay_pentangle
D:5:      layout_gridville, mainiacjoe_overflow_tiny_flanked,
          mainiacjoe_overflow_cross_hatched, st_stairs_14
D:6:      layout_gridville, nicolae_overflow_crystal_walls, serial_park_tiny_2,
          uniq_prince_ribbit1
Temple:   nicolae_temple_hex_pool

Skill      XL: |  1  2  3  4  5  6  7  8 |
---------------+-------------------------+-----
Axes           | 2 3 4 5 6 7 |  7.1
Fighting       | 4 5 |  5.0
Dodging        | 1 |  1.0
Throwing       | 1 |  1.2
Invocations    | 3 |  3.4
Armour         | 4 |  4.7
Shields        | |  3.2

Action                     |  1- 3 |  4- 6 |  7- 9 || total
---------------------------+-------+-------+-------++-------
  Melee: War axe           |    77 |   173 |    24 ||   274
         Broad axe         |       |       |    63 ||    63
  Throw: Boomerang         |       |    39 |    15 ||    54
 Invoke: Heroism           |       |       |     5 ||     5
    Use: Scroll            |     3 |    11 |     1 ||    15
         Potion            |       |     2 |     1 ||     3
 Armour: Scale mail        |    27 |       |       ||    27
         Chain mail        |    14 |    73 |     7 ||    94
         Plate armour      |       |       |    48 ||    48
  Dodge: Dodged            |    46 |   101 |    62 ||   209
  Block: Buckler           |    10 |    32 |    28 ||    70

Table legend:
 A = Non-vault XP
 B = Vault XP
 C = Vault XP percentage of total XP
 D = Non-vault monster count
 E = Vault monster count
 F = Vault count percentage of total count
                 A         B        C        D         E       F
            +---------+---------+-------+---------+---------+-------
      Total |    1483 |     227 |  13.3 |     112 |      11 |   8.9
            +---------+---------+-------+---------+---------+-------
        D:1 |      31 |       5 |  13.9 |      18 |       3 |  14.3
        D:2 |     121 |      72 |  37.3 |      22 |       2 |   8.3
        D:3 |      73 |       0 |   0.0 |      13 |       0 |   0.0
        D:4 |     107 |      20 |  15.7 |      17 |       5 |  22.7
        D:5 |     674 |     130 |  16.2 |      19 |       1 |   5.0
        D:6 |     477 |       0 |   0.0 |      23 |       0 |   0.0
            +---------+---------+-------+---------+---------+-------
